 Dungeon Crawl Stone Soup version 0.31.0-32-g396128a36d (webtiles) character file.

Game seed: 13843779009995147845

174 Alphaeus the Ruffian (level 5, -1/49 HPs)
             Began as a Troll Shapeshifter on Mar 19, 2024.
             Was an Initiate of Gozag.
             Slain by a gnoll
             ... wielding a +0 halberd
              (12 damage)
             ... on level 3 of the Dungeon.
             The game lasted 00:01:56 (1848 turns).

Alphaeus the Ruffian (Troll Shapeshifter)           Turns: 1848, Time: 00:01:57

Health: -1/49      AC:  5    Str: 24    XL:     5   Next: 28%
Magic:  4/4        EV:  9    Int:  6    God:    Gozag
Gold:   321        SH:  0    Dex:  9    Spells: 4/4 levels left

rFire   . .          .
                       - Unarmed
rCold   . . .        (no shield)
rNeg    . . .        a - +1 animal skin
rPois   +            (helmet currently unavailable)
rElec   .            (cloak currently unavailable)
rCorr   .            (gloves unavailable)
SInv    .            (boots unavailable)
Will    .....        (no amulet)
Stlth   +            e - ring of poison resistance
HPRegen 1.08/turn    (no ring)
MPRegen 0.09/turn

%: no passive effects
@: beast-form
A: beast (slay +2), large, unfitting armour, claws 3, regeneration 1, shaggy fur
1, tough skin 1
a: Begin Untransformation, Renounce Religion, Potion Petition, Call Merchant,
Bribe Branch


You were on level 3 of the Dungeon.
You worshipped Gozag.
Gozag was aware of your devotion.
You were a hulking beast.
You visited 1 branch of the dungeon, and saw 3 of its levels.

You collected 321 gold pieces.

Inventory:

Missiles
 l - a throwing net (quivered)
Armour
 a - a +1 animal skin (worn)
Jewellery
 e - a ring of poison resistance (left claw)
 j - a ring of resist corrosion
Talismans
 c - a beast talisman
 d - a flux talisman
Scrolls
 g - a scroll of enchant weapon
 h - a scroll of identify
 i - a scroll of poison {unknown}
 k - 2 scrolls of teleportation {unknown}
Potions
 b - a potion of lignification
 f - a potion of haste {unknown}


   Skills:
 + Level 1.9 Fighting
 - Level 1.5 Dodging
 * Level 4.4 Unarmed Combat
 * Level 4.2 Shapeshifting


You had 4 spell levels left.
You didn't know any spells.
Your spell library contained the following spells:

 Spells                   Type           Power      Damage    Failure   Level
 Magic Dart               Conj           0%         1d3       45%         1
 Searing Ray              Conj           0%         2d4       58%         2
 Tukima's Dance           Hex            0%         N/A       83%         3
 Dimensional Bullseye     Hex/Tloc       0%         N/A       99%         4
 Fulminant Prism          Conj/Alch      0%         3d5       99%         4
 Iskenderun's Mystic Bla  Conj/Tloc      0%         2d3       99%         4


Dungeon Overview and Level Annotations

Branches:
Dungeon (3/15)

Altars:
Gozag


Innate Abilities, Weirdness & Mutations

You are a hulking beast.
Your limbs bulge with bestial killing power. (Slay +2)
You are too large for most types of armour.
You have claws for hands.
Your natural rate of healing is unusually fast.
You are covered in fur. (AC +1)
You have tough skin. (AC +1)


Message History

The bat hits you but does no damage.
You see here 5 gold pieces.
There are monsters nearby!
You miss the bat. The bat barely misses you.
The gnoll hits you but does no damage.
There are monsters nearby!
Found a scroll labelled QAPRUH UVINO.
The bat is distracted by your dazzling golden aura.
You claw the gnoll!
The gnoll is heavily wounded.
The gnoll hits you with a +0 halberd.
The gnoll hits you from afar with a +0 spear!
The gnoll hits you with a +0 club. The gnoll hits you with a +0 halberd.
You see here 5 gold pieces.
The gnoll hits you from afar with a +0 halberd!
The bat is no longer distracted by gold.
The bat barely misses you.
You see here a scroll labelled MUSIOFR MOIT.
The gnoll attacks as it pursues you! The gnoll barely misses you.
The gnoll attacks as it pursues you!
The gnoll hits you from afar with a +0 spear.
The bat closely misses you. The bat closely misses you.
You scratch the gnoll but do no damage.
The gnoll is heavily wounded.
The bat closely misses you. The gnoll hits you with a +0 club.
The gnoll barely misses you.
The gnoll hits you from afar with a +0 halberd!
* * * LOW HITPOINT WARNING * * *
The bat barely misses you.
Okay, then.
Okay, then.
As you read the scroll labelled ZEHOPTY KIUXUR, it crumbles to dust.
It is a scroll of identify.
g - a scroll of enchant weapon The gnoll barely misses you. x2
The gnoll hits you from afar with a +0 halberd!
You die...
Your body crumbles into a pile of gold.

.... #... ..#####.........#
....###..# #.##.##........#
.........# #.##.##.##.##..#####
.........####.......##..........
.........#..#.......##..#####..>
........$...........##..# #.
?.........?...#...####..#
........###.gg#...# #..#
........# ###ggh.b# #..#######
........# ###...####........#
........# #...##....#####.#
........# #...##....# ###.#
........# #...##....# #.(<#
#########.# #.#.# #.# #.#.# #.#
#.#.# #.# #.#.#


You could see 4 gnolls and a bat.

Vanquished Creatures
  Natasha (thrice) (D:2)
  Robin (D:2)
  4 adders (D:2)
  A dart slug (D:3)
  3 endoplasms (D:2)
  6 giant cockroaches
  11 goblins (D:2)
  5 hobgoblins
  3 kobolds (D:2)
  2 quokkas
  A ball python (D:1)
  7 bats
  A frilled lizard (D:2)
  A rat (D:2)
49 creatures vanquished.

Notes
Turn   | Place    | Note
-------+----------+-------------------------------------------
     0 | D:1      | Alphaeus the Troll Shapeshifter began the quest for the
                  | Orb.
     0 | D:1      | Reached XP level 1. HP: 18/18 MP: 0/0
   157 | D:1      | Reached skill level 1 in Fighting
   167 | D:1      | Reached XP level 2. HP: 27/27 MP: 1/1
   588 | D:1      | Found a faded altar of an unknown god.
   613 | D:1      | Prayed at the altar of an unknown god.
   613 | D:1      | Became a worshipper of Gozag Ym Sagoz the Greedy
   873 | D:2      | Reached XP level 3. HP: 30/33 MP: 2/2
  1163 | D:2      | Noticed Robin
  1182 | D:2      | Reached XP level 4. HP: 14/41 MP: 3/3
  1197 | D:2      | Killed Robin
  1291 | D:2      | Noticed Natasha
  1293 | D:2      | Killed Natasha
  1343 | D:2      | Noticed Natasha
  1350 | D:2      | Killed Natasha
  1351 | D:2      | Reached XP level 5. HP: 49/49 MP: 4/4
  1683 | D:2      | Noticed Natasha
  1690 | D:2      | Killed Natasha
  1848 | D:3      | Slain by a gnoll

Illustrated notes

Levels and vault maps discovered:
D:1:      minmay_arrival_stair_chambers, layout_basic,
          chequers_ecumenical_altar_island, palyth_stone_intersect
D:2:      layout_loops_cross, roderic_lattice_a, uniq_natasha, uniq_robin
D:3:      layout_basic, hangedman_decor_growths, minmay_checkerbox

Skill      XL: |  1  2  3  4 |
---------------+-------------+-----
Fighting       | 1 |  1.9
Unarmed Combat | 4 |  4.4
Shapeshifting  | 4 |  4.2
Dodging        | |  1.5

Action                     |  1- 3 |  4- 6 || total
---------------------------+-------+-------++-------
  Melee: Unarmed           |    73 |    54 ||   127
         Punch             |     1 |     2 ||     3
    Use: Scroll            |     1 |     1 ||     2
         Potion            |     1 |       ||     1
 Armour: Animal skin       |    78 |    46 ||   124
  Dodge: Dodged            |    44 |    27 ||    71
